[Event "MČR juniorů a juniorek v rapid šachu 2023"]
[Site "Czech Republic"]
[Date "2023.09.23"]
[Round "4.8"]
[White "Bezdek, Tomas"]
[Black "Stastna, Martina"]
[Result "1-0"]
[TimeControl "20 min + 5 sec per move"]
[WhiteFideId "23733551"]
[BlackFideId "385123"]
[WhiteElo "1933"]
[BlackElo "1725"]

1. d4 d5 2. Nc3 Nf6 3. Bf4 a6 4.
e3 e6 5.
Nf3 c5 6. Be2 Nc6 7. O-O Be7 8. h3 O-O 9. a3 b5 10. Na2 Bb7 11. c3 Re8 12. Nc1 c4 13. Ne5 Bd6 14. Nxc6 Bxc6 15. Bxd6 Qxd6 16. f4 Ne4 17. Bf3 Ng3 18. Rf2 f6 19. Rd2 Rad8 20. Qe1 Nf5 21.
g4 Ne7 22. Ne2 Nc8 23. Rad1 Nb6 24. Qh4 Qe7 25. Ng3 a5 26. Rg2 b4 27. axb4 axb4 28. Nh5 bxc3 29. bxc3 Na4 30. g5 g6 31. Nxf6+ Kh8 32. Qe1 Rf8 33. h4 Rb8 34. h5 Be8 35.
Rh2 Rb2 36. Rdd2 Rxd2 37. Qxd2 Kg7 38. Qc2 Bf7 39. hxg6 Bxg6 40. Rxh7+ 1-0

[Event "MČR juniorů a juniorek v rapid šachu 2023"]
[Site "Czech Republic"]
[Date "2023.09.23"]
[Round "4.9"]
[White "Rybacek, Martin"]
[Black "Hurtik, Matej"]
[Result "0-1"]
[TimeControl "20 min + 5 sec per move"]
[WhiteFideId "23739266"]
[BlackFideId "397997"]
[WhiteElo "1755"]
[BlackElo "1930"]

1. d4 c5 2. Nf3 cxd4 3. Nxd4 Nc6 4. c4 Nf6 5. g3 g6 6. Bg2 Bg7 7. O-O O-O 8. Nc3 d6 9. Nxc6 bxc6 10.
Bxc6 Bh3 11. Bg2 Bxg2 12. Kxg2 Qc7 13. Qd3 Rfc8 14.
b3 d5 15. Bb2 dxc4 16. bxc4 Qb7+ 17. Kg1 Qxb2 18. Rab1 Qa3 19. Rb7 Rd8 20. Qf3 Rac8 21. Nd5 Qxf3 22. Nxe7+ Kf8 23. exf3 Rxc4 24. Rxa7 Re8 25. Re1 Nd5 26. Nxg6+ hxg6 0-1

[Event "MČR juniorů a juniorek v rapid šachu 2023"]
[Site "Czech Republic"]
[Date "2023.09.23"]
[Round "4.10"]
[White "Zadrapa, Jakub"]
[Black "Slaby, Matej"]
[Result "0-1"]
[TimeControl "20 min + 5 sec per move"]
[WhiteFideId "23714778"]
[BlackFideId "23734876"]
[WhiteElo "1696"]
[BlackElo "1922"]

1. e4 d5 2. exd5 Qxd5 3. Nc3 Qd6 4. d4 Nf6 5. Nf3 c6 6. h3 g6 7. Bd2 Bg7 8. Qe2 Na6 9. O-O-O O-O 10. Kb1 Nb4 11. g4 Nbd5 12.
Nxd5 Nxd5 13. Qe4 Be6 14.
Rg1 b5 15. Bg2 Rac8 16. Ng5 Bd7 17. f4 e6 18. Rgf1 c5 19. Qe1 cxd4 20. Qh4 h6 21. Ne4 Qc7 22. Rc1 f5 23. gxf5 exf5 24.
Nf2 Be6 25. Nd3 Nc3+ 26. Bxc3 dxc3 27. b3 a5 28. Rfe1 Bf7 29. Qe7 a4 30. Qxc7 Rxc7 31. Ne5 Bxe5 32. Rxe5 axb3 33. cxb3 Rb8 34. Rc2 Kg7 35. Kc1 b4 36.
Re3 Ra7 37. Ree2 Bxb3 0-1

[Event "MČR juniorů a juniorek v rapid šachu 2023"]
[Site "Czech Republic"]
[Date "2023.09.23"]
[Round "4.11"]
[White "Sulc, Jakub"]
[Black "Havelkova, Beata"]
[Result "1-0"]
[TimeControl "20 min + 5 sec per move"]
[WhiteFideId "394050"]
[BlackFideId "23709405"]
[WhiteElo "1920"]
[BlackElo "1494"]

1. c4 Nf6 2. g3 g6 3. Bg2 Bg7 4. Nc3 O-O 5. d3 e6 6. e4 d6 7. Nge2 Nbd7 8.
O-O c6 9. h3 Qc7 10. f4 a6 11. Be3 b5 12. Rc1 b4 13.
Nb1 Bb7 14. g4 c5 15. Ng3 Ne8 16. f5 d5 17. Bf4 e5 18. Be3 dxe4 19. dxe4 Rd8 20. Qe2 Nb8 21. g5 f6 22.
h4 Nd7 23. h5 Qc6 24. hxg6 fxg5 25. gxh7+ Kxh7 26. Bxg5 Ndf6 27. Rcd1 Rxd1 28. Rxd1 Qc7 29. Nd2 Rh8 30. Ndf1 Kg8 31. Ne3 Bh6 32. Bxf6 Nxf6 33.
Ng4 Ne8 34. Nxh6+ Rxh6 35. Qg4+ Kh8 36. Qg5 Kh7 37. Nh5 Qf7 38. Ng3 Nf6 39. Rd6 Qe7 40. Re6 Qd8 41. Bf3 Qd4+ 42. Kg2 Qxb2+ 43. Ne2 Bxe4 44. Re7+ 1-0

[Event "MČR juniorů a juniorek v rapid šachu 2023"]
[Site "Czech Republic"]
[Date "2023.09.23"]
[Round "4.12"]
[White "Boff, Ondrej"]
[Black "Vilimek, Vit"]
[Result "0-1"]
[TimeControl "20 min + 5 sec per move"]
[WhiteFideId "23733950"]
[BlackFideId "23718218"]
[WhiteElo "1486"]
[BlackElo "1898"]

1. e4 c5 2. Nf3 a6 3. c4 Nc6 4. Nc3 g6 5. d4 cxd4 6. Nxd4 Bg7 7. Be3 d6 8. Be2 Nf6 9. O-O O-O 10. Rc1 Nd7 11. Qd2 Nc5 12. Rfd1 Rb8 13.
Nxc6 Bxc3 14. Qxc3 Nxe4 15. Qb3 bxc6 16. Qxb8 Qa5 17. Qb3 Bd7 18. Bf3 Nf6 19. c5 d5 20. Bd4 Ne8 21. Re1 e6 22.
Qb7 Qd8 23. Qxa6 f6 24. Bc3 e5 25. Ba5 Qe7 26. b4 e4 27. Bd1 f5 28. a4 f4 29. Bf3 Qg5 30. Qe2 exf3 31. Qxf3 Bg4 32.
Qc3 f3 33. Re5 Qh4 34. Qe3 Nf6 35. Qg5 Qxg5 36. Rxg5 fxg2 37. Kxg2 Bf3+ 38. Kxf3 Ne4+ 39. Kg4 h5+ 40. Rxh5 gxh5+ 41. Kxh5 Ra8 42. f4 Kf7 43. Kg4 Kf6 44.
Ra1 Nd2 45. Bc7 Rg8+ 46. Kh3 Kf5 47.
Ra2 Ne4 48. Be5 Rg6 49. a5 d4 50. a6 Rg8 51. a7 Ra8 52. Ra3 d3 53. Kg2 d2 54. Rd3 Rxa7 55. Kf3 Ra3 0-1

[Event "MČR juniorů a juniorek v rapid šachu 2023"]
[Site "Czech Republic"]
[Date "2023.09.23"]
[Round "4.13"]
[White "Hosova, Sandra"]
[Black "Pressler, Tobias"]
[Result "0-1"]
[TimeControl "20 min + 5 sec per move"]
[WhiteFideId "397717"]
[BlackFideId "23715359"]
[WhiteElo "1682"]
[BlackElo "1859"]

1. d4 d5 2. Bf4 Nf6 3. e3 g6 4.
Be2 Bg7 5. Nf3 c5 6. Nc3 cxd4 7. exd4 O-O 8. Qd2 Nc6 9. Ne5 Qb6 10. O-O-O Rd8 11. f3 Be6 12. h4 h5 13. g4 Rac8 14.
Kb1 Nb4 15. Rhg1 hxg4 16. fxg4 Ne4 17. Qe3 Rxc3 18. bxc3 Nd3+ 0-1

[Event "MČR juniorů a juniorek v rapid šachu 2023"]
[Site "Czech Republic"]
[Date "2023.09.23"]
[Round "4.14"]
[White "Housa, Jan"]
[Black "Simunek, Jakub Simon"]
[Result "1/2-1/2"]
[TimeControl "20 min + 5 sec per move"]
[WhiteFideId "23736356"]
[BlackFideId "23709464"]
[WhiteElo "1439"]
[BlackElo "1843"]

1. d4 d5 2. c4 c6 3. Nf3 Nf6 4. Qc2 dxc4 5. Qxc4 Nbd7 6. g3 Nb6 7. Qc2 g6 8. e4 Bg4 9. Nbd2 Bg7 10. Bg2 O-O 11. O-O Qc8 12. Nb3 Bh3 13. Be3 Bxg2 14.
Kxg2 Qe6 15. Nc5 Qc4 16.
Qb1 Ng4 17. Qc1 Qxc1 18. Raxc1 Nxe3+ 19. fxe3 Rab8 20. a4 Rfd8 21. Ng5 Bf6 22. Nxf7 Kxf7 23. e5 Nd5 24. Rce1 b6 25. Nd3 Kg7 26. exf6+ exf6 27. e4 Ne7 28. e5 fxe5 29. Nxe5 Rf8 30.
Nd7 Rxf1 31. Rxe7+ Kh6 32. Kxf1 Rd8 33. Ke2 c5 34. d5 Kg5 35. d6 h5 36. h3 h4 37. g4 Kf4 38. Kf2 g5 39. b3 a6 40. Nxb6 Rxd6 41.
Nc4 Rd3 42. Re3 Rd1 43. Rf3+ Ke4 44. Rf5 Rd3 45. Rxg5 Rxh3 46. Rf5 Rg3 47. Nd2+ Kd4 48. Nf3+ Kc3 49. g5 Rg4 50. Ne5 Rd4 51. Rf3+ Kc2 52.
g6 Rd2 53. Kg1 Rd8 54. g7 Rg8 55. Rf7 Kxb3 56. Nd7 c4 57. Nf6 Rxg7+ 58. Rxg7 c3 59. Ne4 c2 60. Rc7 Kb2 61. Rb7+ Ka3 62. Rc7 Kb2 63. Rb7+ Ka3 64. Rc7 Kb2 65. Nc5 1/2-1/2

[Event "MČR juniorů a juniorek v rapid šachu 2023"]
[Site "Czech Republic"]
[Date "2023.09.23"]
[Round "4.15"]
[White "Nagyova, Daniela"]
[Black "Dobsa, Emma"]
[Result "0-1"]
[TimeControl "20 min + 5 sec per move"]
[WhiteFideId "390070"]
[BlackFideId "23709391"]
[WhiteElo "1762"]
[BlackElo "1480"]

1. e4 e5 2. Nf3 Nc6 3. Bc4 Bc5 4.
b4 Bxb4 5. c3 Ba5 6. d4 exd4 7. O-O Nge7 8. cxd4 d5 9. exd5 Nxd5 10. Ba3 Be6 11. Bb5 Bb4 12. Bxc6+ bxc6 13. Bxb4 Nxb4 14.
Qa4 Qd6 15. Nc3 O-O 16. Ne4 Qe7 17. Nc5 Nd5 18. Qxc6 Nf4 19. Nxe6 Nxe6 20. Rfe1 Qd6 21. Qc4 Rad8 22. Rac1 Qf4 23.
h3 Qf5 24. Re5 Qf6 25. d5 Nf4 26. Qxc7 Nxd5 27. Qxa7 Nf4 28. Re3 Ra8 29. Qc7 Rxa2 30. Rc6 Qa1+ 31. Re1 Qb2 32. Qxf4 Qxf2+ 33. Kh1 Qxg2# 0-1

[Event "MČR juniorů a juniorek v rapid šachu 2023"]
[Site "Czech Republic"]
[Date "2023.09.23"]
[Round "4.16"]
[White "Merinsky, Vaclav"]
[Black "Cinkova, Vicky"]
[Result "1-0"]
[TimeControl "20 min + 5 sec per move"]
[WhiteFideId "390062"]
[BlackFideId "23725826"]
[WhiteElo "1869"]
[BlackElo "1300"]

1. e4 c5 2. d4 cxd4 3. Qxd4 Nc6 4. Qd1 g6 5. Nc3 Bg7 6. Bd2 Nf6 7. Bc4 O-O 8. Nf3 e6 9. O-O d5 10.
exd5 Nxd5 11. Bg5 Nde7 12. Qxd8 Rxd8 13. Rad1 Rf8 14. Bd2 Ne5 15. Nxe5 Bxe5 16. b3 Nf5 17. Ne4 Bd7 18. Bb4 Rfd8 19.
Rfe1 Bc6 20. Ng3 Nxg3 21. hxg3 Bg7 22. Bc5 Bc3 23. Rxd8+ Rxd8 24. Re3 Bd2 25. Re2 a6 26. Bd3 Bc3 27.
Ba3 Rd7 28. Kh2 h5 29. f3 Bf6 30. Bc1 Bc3 31. a4 Rd8 32. Bf4 e5 33. Bxe5 Bxe5 34. Rxe5 Rd7 35. Re8+ Kg7 36. Re2 Kf6 37.
Be4 Bxe4 38. Rxe4 Rd2 39. Rc4 Rd7 40. Rc5 Ke6 41. c3 Kd6 42. Rc4 Ke7 43. Kh3 Kd8 44. b4 Re7 45. a5 Re3 46.
g4 hxg4+ 47. Kxg4 Re5 48. g3 Re3 49. f4 f5+ 50. Kh4 Kd7 51. g4 Re4 52. Rxe4 fxe4 53. Kg3 Ke6 54. c4 Kf6 55.
Kf2 g5 56. f5 Ke5 57. Ke3 1-0

[Event "MČR juniorů a juniorek v rapid šachu 2023"]
[Site "Czech Republic"]
[Date "2023.09.23"]
[Round "4.17"]
[White "Pejrimovska, Viola Ruby"]
[Black "Stejskal, Michal"]
[Result "0-1"]
[TimeControl "20 min + 5 sec per move"]
[WhiteFideId "23709529"]
[BlackFideId "398195"]
[WhiteElo "1581"]
[BlackElo "1959"]

1. e4 e5 2. Nf3 Nf6 3. Nc3 Nc6 4.
d4 exd4 5. Nd5 Be7 6. Bc4 O-O 7. O-O d6 8. Nxd4 Nxd4 9. Qxd4 Nxd5 10. exd5 Bf6 11. Qd1 Bf5 12. g4 Bd7 13. Bd3 g6 14.
c3 Re8 15. f4 c6 16. g5 Be7 17. h4 cxd5 18. f5 Qb6+ 19. Kh2 d4 20. f6 Bf8 21. h5 Be6 22. Qc2 Bf5 23. Bxf5 gxf5 24.
g6 hxg6 25. hxg6 fxg6 26. Qg2 Kf7 27. Rg1 g5 28. Qxg5 Re2+ 29. Kh3 d5 30. Qg6+ Ke6 31. f7+ Kd7 32. Qxf5+ Qe6 33. Qxe6+ Kxe6 34. cxd4 Bd6 35. Bg5 Rh8+ 36.
Kg4 Re4+ 37. Kf3 Kxf7 38. Raf1 Ke6 39. Kg2 Rh2+ 40. Kf3 Rh3+ 41. Kg2 Rg3+ 42. Kf2 Rxg1 43. Rxg1 Rxd4 44. Be3 Ra4 45.
Rg6+ Kd7 46. Rg7+ Kc6 47. a3 Rc4 48. Kf3 d4 49. Bg5 0-1

[Event "MČR juniorů a juniorek v rapid šachu 2023"]
[Site "Czech Republic"]
[Date "2023.09.23"]
[Round "4.18"]
[White "Pavlis, Matej"]
[Black "Jun, Robert"]
[Result "1-0"]
[TimeControl "20 min + 5 sec per move"]
[WhiteFideId "23735767"]
[BlackFideId "23709510"]
[WhiteElo "1771"]
[BlackElo "1340"]

1. Nf3 d5 2. d4 e6 3. c4 c5 4.
cxd5 exd5 5. Nc3 Nc6 6. g3 Nf6 7.
Bg2 cxd4 8. Nxd4 Bb4 9. O-O O-O 10.
Bg5 h6 11. Bxf6 Qxf6 12. e3 Bxc3 13. bxc3 Nxd4 14. cxd4 Be6 15. Qb3 b6 16. Bxd5 Bxd5 17. Qxd5 Rfd8 18. Qe4 Rac8 19. Rac1 Qe6 20. Qxe6 fxe6 21. Kg2 Kf7 22. Kf3 Kf6 23. Ke4 g5 24. g4 h5 25. gxh5 Rxc1 26. Rxc1 Rh8 27. Rc7 Rxh5 28. Rxa7 Rh4+ 29. Kf3 Rxh2 30. Rb7 Rh3+ 31.
Kg4 Rh4+ 32. Kg3 Kf5 33. Rxb6 Rg4+ 34. Kf3 Rg1 35. Rb5+ Kf6 36. a4 g4+ 37. Kf4 Rg2 38. Rb2 Rg1 39. Ra2 Rg2 40. a5 Rh2 41. a6 Rh8 42.
a7 Ra8 43. Kxg4 Rg8+ 44. Kf4 Ra8 45. Ra6 Ke7 46. Ke5 Kd7 47. f4 Kc7 48. Rxe6 Rxa7 49.
Re7+ Kb6 50. Rxa7 Kxa7 51. Kd6 1-0

[Event "MČR juniorů a juniorek v rapid šachu 2023"]
[Site "Czech Republic"]
[Date "2023.09.23"]
[Round "4.19"]
[White "Stary, Simon"]
[Black "Beran, Jakub"]
[Result "1-0"]
[TimeControl "20 min + 5 sec per move"]
[WhiteFideId "23734353"]
[BlackFideId "23727071"]
[WhiteElo "1518"]
[BlackElo "1645"]

1. e4 c5 2. Nf3 Nc6 3.
d4 cxd4 4. Nxd4 d6 5. Nc3 g6 6. Be3 Bg7 7. f3 Nf6 8. Qd2 O-O 9. Bc4 a6 10. Bb3 Na5 11. h4 Nxb3 12.
axb3 b5 13. Bh6 Qb6 14. Bxg7 Kxg7 15. O-O-O h5 16. g4 hxg4 17. h5 Rh8 18. hxg6 fxg6 19. Rxh8 Kxh8 20. Qh6+ Kg8 21. Qxg6+ Kf8 22. Rh1 1-0

[Event "MČR juniorů a juniorek v rapid šachu 2023"]
[Site "Czech Republic"]
[Date "2023.09.23"]
[Round "4.20"]
[White "Rucabado, Stefan"]
[Black "Mikolas, Petr"]
[Result "1-0"]
[TimeControl "20 min + 5 sec per move"]
[WhiteFideId "23730315"]
[BlackFideId "23713224"]
[WhiteElo "1782"]
[BlackElo "1514"]

1. e4 e6 2. d4 d5 3.
Nc3 Nf6 4. e5 Nfd7 5. f4 c5 6. Nf3 Nc6 7. Be3 cxd4 8. Nxd4 Bc5 9. Nxc6 bxc6 10. Bxc5 Nxc5 11. b4 Nd7 12. Qd2 O-O 13.
Bd3 a5 14. b5 cxb5 15. Bxb5 Ba6 16. Bxa6 Rxa6 17. O-O Qb6+ 18. Kh1 Rc8 19. Ne2 Qb2 20. Nd4 Rc4 21. Rfd1 Ra8 22. f5 Nxe5 23.
fxe6 fxe6 24. Nxe6 d4 25. Qg5 Ng6 26. Qd5 Rac8 27. Ng5+ Kh8 28. Nf7+ Kg8 29. Nh6+ Kh8 30. Qg8+ Rxg8 31. Nf7# 1-0

[Event "MČR juniorů a juniorek v rapid šachu 2023"]
[Site "Czech Republic"]
[Date "2023.09.23"]
[Round "4.21"]
[White "Hruby, Filip"]
[Black "Rybackova, Lucie"]
[Result "0-1"]
[TimeControl "20 min + 5 sec per move"]
[WhiteFideId "23721480"]
[BlackFideId "23739207"]
[WhiteElo "1460"]
[BlackElo "1768"]

1. e4 c5 2. d4 Nf6 3. e5 Nd5 4. c3 cxd4 5. cxd4 Nc6 6. Nf3 d6 7. exd6 Qxd6 8. Nc3 Bg4 9. Nxd5 Qxd5 10.
Be3 e6 11. a3 Rd8 12. Be2 Be7 13. h3 Bh5 14. O-O O-O 15. b4 a6 16. Rc1 Bf6 17. Rc5 Qd6 18. Rxh5 b6 19. d5 exd5 20.
Bxb6 g6 21. Bxd8 Rxd8 22. Rh4 Bxh4 23. Nxh4 d4 24. Bxa6 Nxb4 25. axb4 Qxa6 26. Nf3 Qc4 27. Qd2 d3 28. Rd1 Rb8 29. Qxd3 Qxb4 30. Qe3 Qa4 31. Re1 Qb4 32.
Rf1 Qb5 33. Qh6 Qb2 34. Ng5 Qg7 35. Qxg7+ Kxg7 36. Re1 h6 37. Ne4 Re8 38. Re3 Re6 39. Kh2 Ra6 40. Kg3 Rb6 41. Rd3 Re6 42.
f3 Re7 43. Rd6 Ra7 44. Kf4 Ra2 45. g4 g5+ 46. Kg3 Ra7 47. h4 gxh4+ 48. Kxh4 Ra3 49. Kg3 Ra1 50. Rd7 Kg6 51. Nd6 f6 52. Ne8 h5 53. gxh5+ Kxh5 54. Nxf6+ Kg6 55.
Ne4 Rg1+ 56. Kf4 Rh1 57. Rd5 Rh4+ 58. Ke5 Rh5+ 0-1

[Event "MČR juniorů a juniorek v rapid šachu 2023"]
[Site "Czech Republic"]
[Date "2023.09.23"]
[Round "4.22"]
[White "Stara, Zuzana"]
[Black "Mrazek, Adam"]
[Result "0-1"]
[TimeControl "20 min + 5 sec per move"]
[WhiteFideId "23733543"]
[BlackFideId "23725010"]
[WhiteElo "1377"]
[BlackElo "1753"]

1. e4 d6 2. d4 g6 3. Nc3 Bg7 4. Bc4 a6 5. Nge2 b5 6.
Bb3 Bb7 7. f3 Nd7 8. O-O Ngf6 9. Be3 O-O 10. Qd2 Rc8 11. a3 c5 12. d5 Re8 13. Ba2 Qc7 14. Ng3 Nb6 15. f4 Nfd7 16.
f5 b4 17. axb4 cxb4 18. Nce2 a5 19. c3 Ne5 20. Bd4 Nec4 21. Qc1 Bxd4+ 22. Nxd4 bxc3 23. bxc3 Ne5 24. fxg6 hxg6 25. Qh6 Ng4 26.
Qg5 Qxc3 27. Ndf5 Ne5 28. Nxe7+ Rxe7 29. Qxe7 Ba6 30. Rfe1 Nd3 31. Rf1 Ne5 32. Rfe1 Nd3 33. Rf1 Qd4+ 34. Kh1 Nf2+ 35. Rxf2 Qxf2 36.
Qxd6 Rc2 37. Rg1 Rxa2 38. Qb8+ Bc8 39. d6 Kh7 40. Qc7 Bh3 41. Ne2 Rxe2 0-1

[Event "MČR juniorů a juniorek v rapid šachu 2023"]
[Site "Czech Republic"]
[Date "2023.09.23"]
[Round "4.23"]
[White "Strnadova, Monika"]
[Black "Janouskova, Adela"]
[Result "1/2-1/2"]
[TimeControl "20 min + 5 sec per move"]
[WhiteFideId "23701668"]
[BlackFideId "23709804"]
[WhiteElo "1728"]
[BlackElo "1442"]

1. d4 f5 2. Bf4 Nf6 3. e3 e6 4. Nf3 Be7 5. Be2 O-O 6. c4 d6 7. Nc3 h6 8. h3 b6 9. O-O Bb7 10.
Rc1 Nbd7 11. a3 Ne4 12. Nxe4 fxe4 13. Nh2 Nf6 14. b4 Rc8 15. Ng4 Qe8 16. Nxf6+ Bxf6 17. Bh5 Qe7 18. Qg4 Kh8 19.
Rfd1 e5 20. dxe5 Bxe5 21. Bxe5 Qxe5 22. Bg6 Rf6 23. Rc2 Rcf8 24. b5 Qe6 25. Qxe6 Rxe6 26. Bh5 Re5 27. Bg4 Bc8 28. Bxc8 Rxc8 29.
Rd5 Rce8 30. a4 Kg8 31. Rdd2 Kf7 32. a5 R8e7 33. axb6 axb6 34. Ra2 Rc5 35. Rd4 Kf6 36. Kh2 Kf7 37.
g4 Kf6 38. Kg3 g5 39. Ra8 Kg7 40. Ra7 Kf7 41. f4 exf3 42. Kxf3 Kf6 43. e4 Kg7 44. Rxd6 Rxc4 45. Rxb6 Rcxe4 46. Rc6 1/2-1/2

[Event "MČR juniorů a juniorek v rapid šachu 2023"]
[Site "Czech Republic"]
[Date "2023.09.23"]
[Round "4.24"]
[White "Nikolinko, Tomas"]
[Black "Pejrimovsky, Tadeas Rubel"]
[Result "0-1"]
[TimeControl "20 min + 5 sec per move"]
[WhiteFideId "389749"]
[BlackFideId "23709537"]
[WhiteElo "1327"]
[BlackElo "1679"]

1. e4 c5 2. Nf3 e6 3. d4 cxd4 4. Nxd4 Nf6 5. e5 Qa5+ 6. Nc3 Qxe5+ 7. Be2 a6 8. Nf3 Qc7 9. O-O Be7 10.
Be3 b5 11. h3 Nc6 12. a3 O-O 13. Nd4 Bb7 14. Bf3 Nxd4 15. Bxb7 Qxb7 16. Qxd4 Rac8 17. Qd2 d5 18. Bd4 Qc7 19.
Rac1 e5 0-1

[Event "MČR juniorů a juniorek v rapid šachu 2023"]
[Site "Czech Republic"]
[Date "2023.09.23"]
[Round "4.25"]
[White "Pistej, Tomas"]
[Black "Dudkova, Josefina"]
[Result "0-1"]
[TimeControl "20 min + 5 sec per move"]
[WhiteFideId "23750740"]
[BlackFideId "23712350"]
[WhiteElo "1640"]
[BlackElo "1437"]

1. e4 d5 2. exd5 Qxd5 3.
Nf3 Bg4 4. Be2 Nf6 5. h3 Bh5 6.
O-O e6 7. d4 Be7 8. c4 Qd6 9. Nc3 c6 10. Be3 O-O 11. Ne5 Bxe2 12. Qxe2 c5 13. Nb5 Qd8 14. dxc5 Qc8 15. Nd6 Qc7 16.
Rfd1 Na6 17. b4 Rad8 18. Bf4 Nxb4 19. Rab1 Bxd6 20. cxd6 Qc5 21. a3 Nc6 22. Nxc6 Qxc6 23. Rbc1 Ne4 24.
c5 Nxc5 25. Qc2 b6 26. Qc3 Qa4 27. Rb1 Qxf4 0-1

[Event "MČR juniorů a juniorek v rapid šachu 2023"]
[Site "Czech Republic"]
[Date "2023.09.23"]
[Round "4.26"]
[White "Boff, Vojtech"]
[Black "Jun, Rostislav"]
[Result "0-1"]
[TimeControl "20 min + 5 sec per move"]
[WhiteFideId "23733969"]
[BlackFideId "23719524"]
[WhiteElo "1632"]
[BlackElo "1317"]

1. d4 e6 2. c4 d5 3. Nf3 Nf6 4. Nc3 Nc6 5. Bg5 Be7 6. e3 O-O 7. Be2 a6 8. O-O Ne4 9. Bxe7 Qxe7 10.
cxd5 Nxc3 11. bxc3 exd5 12. c4 dxc4 13. Bxc4 Bg4 14. h3 Bh5 15. Be2 Rad8 16. Qb3 b6 17. Rac1 Nb8 18. Qc2 Rc8 19.
Qa4 a5 20. Rc3 c6 21. Rfc1 Rc7 22. Bd1 f6 23. Qb3+ Bf7 24. Qxb6 Bxa2 25. Qxa5 Bd5 26. Bb3 Bxb3 27. Rxb3 Rfc8 28.
Rcb1 Nd7 29. Rb7 Rxb7 30. Rxb7 Qe8 31. Qa7 Ra8 32. Rxd7 Rxa7 33. Rxa7 Qb8 34. Ra6 Qb7 35. Ra1 Kf7 36.
Nd2 Qb2 37. Ra7+ Kg6 38. Ne4 Qb1+ 39. Kh2 Qb8+ 0-1

[Event "MČR juniorů a juniorek v rapid šachu 2023"]
[Site "Czech Republic"]
[Date "2023.09.23"]
[Round "4.27"]
[White "Dvorak, Jan"]
[Black "Glasbergerova, Lucie"]
[Result "1-0"]
[TimeControl "20 min + 5 sec per move"]
[WhiteFideId "23730722"]
[BlackFideId "23725184"]
[WhiteElo "1624"]
[BlackElo "1314"]

1. e4 e5 2. Nf3 Nc6 3. Bb5 d6 4.
d4 Bd7 5. c3 Nf6 6. Nbd2 Qe7 7. O-O Nb8 8. Bc4 Bc6 9. dxe5 dxe5 10. Ng5 h6 11. Nxf7 Rh7 12. Nf3 Nbd7 13. Qb3 b5 14.
Be6 Bxe4 15. N7xe5 Nxe5 16. Nxe5 a6 17. Rd1 g5 18. Be3 c5 19. Bxc5 Qxc5 20. Bf7+ Ke7 21. Qe6# 1-0

[Event "MČR juniorů a juniorek v rapid šachu 2023"]
[Site "Czech Republic"]
[Date "2023.09.23"]
[Round "4.28"]
[White "Bela, Lukas"]
[Black "Mrkvan, Frantisek"]
[Result "0-1"]
[TimeControl "20 min + 5 sec per move"]
[WhiteFideId "23738545"]
[BlackFideId "23721626"]
[WhiteElo "1297"]
[BlackElo "1601"]

1. e4 c5 2. f4 Nc6 3. Nc3 d6 4. Nf3 g6 5. Bb5 Bd7 6. b3 Bg7 7. Bb2 a6 8. Bc4 Nf6 9. O-O O-O 10.
d3 e6 11. Ne2 b5 12. Bxe6 fxe6 13. Ng3 Qe7 14. Re1 Ne8 15.
Bxg7 Qxg7 16. f5 exf5 17. exf5 Bxf5 18. Re3 Bg4 19. Qe2 Qxa1+ 0-1

[Event "MČR juniorů a juniorek v rapid šachu 2023"]
[Site "Czech Republic"]
[Date "2023.09.23"]
[Round "4.29"]
[White "Housa, Vojtech"]
[Black "Halama, Tomas"]
[Result "1-0"]
[TimeControl "20 min + 5 sec per move"]
[WhiteFideId "23736364"]
[BlackFideId "397970"]
[WhiteElo "1539"]
[BlackElo "1306"]

1. e4 c5 2. Nf3 Nc6 3. d4 cxd4 4. Nxd4 d6 5.
Nc3 Bd7 6. Bb5 Nf6 7. O-O e6 8. Bg5 Be7 9. Re1 O-O 10. Nxc6 Bxc6 11. Bxc6 bxc6 12. Qf3 h6 13. Bh4 d5 14. Rad1 Qc7 15. exd5 cxd5 16.
Bg3 Qc6 17. Be5 Rad8 18. Rd4 Nd7 19. Bf4 Bf6 20. Rdd1 Qc4 21. Qg3 Kh7 22. Qd3+ Qxd3 23. Rxd3 Nc5 24. Rg3 a6 25. h3 Rc8 26.
b4 Nd7 27. Bd2 d4 28. Ne4 Rxc2 29. Nxf6+ Nxf6 30. Rd3 Rd8 31. a3 Rd6 32. Bf4 Rd7 33. Be5 Rd5 34. Bxd4 Rc8 35. Red1 Rcd8 36.
f3 Rxd4 37. Rxd4 Rxd4 38. Rxd4 Nd5 39. Rc4 Kg6 40. Rc6 Kf5 41. Rxa6 Nc7 42. Ra7 Nb5 43. Rxf7+ Kg6 44. Rb7 Nxa3 45.
b5 Kf6 46. b6 Nc4 47. Rb8 Ke5 48.
b7 Nd6 49. Rg8 Nxb7 50. Rxg7 Nd6 51. Rg6 h5 52. Rg5+ Kf6 53. Rxh5 Nf5 54. Rh8 1-0

[Event "MČR juniorů a juniorek v rapid šachu 2023"]
[Site "Czech Republic"]
[Date "2023.09.23"]
[Round "4.32"]
[White "Hosova, Stella"]
[Black "Macova, Marketa"]
[Result "0-1"]
[TimeControl "20 min + 5 sec per move"]
[WhiteFideId "23710489"]
[BlackFideId "23715588"]
[WhiteElo "1164"]
[BlackElo "1228"]

1. d4 Nf6 2. Bf4 g6 3. e3 d6 4. Nf3 Bg7 5. Bd3 O-O 6.
Nbd2 Bg4 7. h3 Bxf3 8. Qxf3 Nc6 9. O-O Re8 10. Nb3 e5 11. Bb5 exf4 12. exf4 d5 13. g4 Qd6 14. f5 Rf8 15.
Rfe1 a6 16. Bd3 Nb4 17. c3 Nxd3 18. Qxd3 Qf4 19. Re3 Qd6 20. Rae1 Rae8 21. Nd2 Rxe3 22. Rxe3 Bh6 23. Rg3 Bxd2 24.
Qxd2 Ne4 25. Qe3 Nxg3 26. fxg3 Qd7 27. f6 Qe6 28. Qf4 Re8 29. h4 Qe1+ 30. Kg2 Re2+ 0-1

[Event "MČR juniorů a juniorek v rapid šachu 2023"]
[Site "Czech Republic"]
[Date "2023.09.23"]
[Round "4.34"]
[White "Martinkovicova, Nela"]
[Black "Zadrapova, Gabriela"]
[Result "0-1"]
[TimeControl "20 min + 5 sec per move"]
[WhiteFideId "23715596"]
[BlackFideId "23753056"]
[WhiteElo "1049"]
[BlackElo "1206"]

1. c4 e5 2. Nc3 Nf6 3. g3 Nc6 4.
Bg2 Bc5 5. d3 O-O 6. Bg5 d6 7. Nd5 h6 8. Nxf6+ gxf6 9. Bxh6 Re8 10. e3 Bb4+ 11. Kf1 Bf5 12. Be4 Bxe4 13. dxe4 Ne7 14.
Qg4+ Ng6 15. Nf3 Kh7 16. Qh3 Rh8 17. Bg5+ Kg8 18. Bh4 Rb8 19. Rc1 b5 20. a3 Ba5 21. b4 Bxb4 22. axb4 bxc4 23.
Rxc4 d5 24. exd5 Qxd5 25. Rg4 Qxf3 26. Rg1 f5 27. Rxg6+ fxg6 28. e4 Rxb4 29. exf5 Rb1# 0-1

[Event "MČR juniorů a juniorek v rapid šachu 2023"]
[Site "Czech Republic"]
[Date "2023.09.23"]
[Round "5.1"]
[White "Cibulka, Josef"]
[Black "Prazak, Daniel"]
[Result "1-0"]
[TimeControl "20 min + 5 sec per move"]
[WhiteFideId "23708042"]
[BlackFideId "23709456"]
[WhiteElo "1922"]
[BlackElo "2029"]

1. e4 e6 2. d3 d5 3.
Nd2 Nf6 4. Ngf3 Nc6 5. g3 dxe4 6. dxe4 Bc5 7. Bg2 O-O 8. O-O e5 9. c3 a5 10. Qc2 Qe7 11. Nb3 Bb6 12. Bg5 h6 13.
Bxf6 Qxf6 14. Qe2 Be6 15. Rfd1 a4 16.
Nbd2 Rfd8 17. Nc4 Bc5 18. b4 axb3 19. axb3 Rxd1+ 20. Rxd1 b5 21. Ncd2 Rb8 22. b4 Bb6 23. Ra1 Ne7 24.
Nf1 c6 25. Ne3 Nc8 26. Nd2 Nd6 27. Ra6 Qe7 28. Ra1 Qd7 29. Rd1 f6 30. Qd3 Qc7 31. Nf5 Rd8 32. Nxd6 Rxd6 33. Qe2 Qd7 34.
Bf3 Qa7 35. Kg2 Qa2 36. Nf1 Rxd1 37. Qxa2 Bxa2 38. Bxd1 c5 39. Be2 Bc4 40. Bxc4+ bxc4 41. bxc5 Bxc5 42. Nd2 Kf7 43. Nxc4 Ke6 44. Kf1 Ba7 45.
Ke2 g6 46. f3 f5 47. Ne3 Kf6 48. Nd5+ Kg5 49.
h4+ Kh5 50. Nf6# 1-0